 Dungeon Crawl Stone Soup version 0.30-a0-948-g4fa250aae5 (webtiles) character file.

Game seed: 11643036706612715290

19278 porpoise the Trooper (level 12, -14/82 HPs)
             Began as a Demonspawn Summoner on Mar 26, 2023.
             Was a Priest of Hepliaklqana.
             Shot with an arrow by a centaur warrior (16 damage)
             ... on level 13 of the Dungeon on Mar 27, 2023.
             The game lasted 01:20:48 (16083 turns).

porpoise the Trooper (Demonspawn Summoner)         Turns: 16083, Time: 01:20:50

Health: -14/82     AC: 21    Str: 13    XL:     12   Next: 35%
Magic:  14/19      EV: 13    Int: 24    God:    Hepliaklqana [***...]
Gold:   469        SH:  0    Dex: 13    Spells: 9/21 levels left

rFire   . . .      SeeInvis .    a - +3 trident (vamp)
rCold   + . .      Faith    .    (no shield)
rNeg    . . .      Spirit   .    H - +3 leather armour {rC+}
rPois   +          Reflect  .    n - +1 hat
rElec   .          Rampage  .    Y - +2 cloak
rCorr   .                        c - +0 pair of gloves
Will    .....                    (no boots)
Stlth   +++                      U - amulet of the acrobat
HPRegen 0.33/turn                D - +6 ring of intelligence
MPRegen 0.16/turn                t - ring of poison resistance

@: sanguine armoured
A: reduced essence, powered by death 1, spiny 2, sanguine armour 2, demonic
touch 2
a: Renounce Religion, Recall Ancestor, Ancestor Identity, Transference


You were on level 13 of the Dungeon.
You worshipped Hepliaklqana.
Hepliaklqana was most pleased with you.
You visited 3 branches of the dungeon, and saw 15 of its levels.

You collected 753 gold pieces.
You spent 284 gold pieces at shops.

Inventory:

Hand Weapons
 a - a +3 vampiric trident (weapon)
 b - a +1 sling of draining
 j - a +0 broad axe
 W - a +2 dagger of electrocution
Missiles
 f - 5 javelins (quivered)
Armour
 c - a +0 pair of gloves (worn)
 n - a +1 hat (worn)
 H - a +3 leather armour of cold resistance (worn)
 Y - a +2 cloak (worn)
Magical Staves
 w - a staff of poison
Jewellery
 p - an amulet of magic regeneration
 t - a ring of poison resistance (right hand)
 D - a +6 ring of intelligence (left hand)
 U - an amulet of the acrobat (around neck)
Wands
 e - a wand of mindburst (5)
 q - a wand of digging (2)
 z - a wand of charming (5)
 K - a wand of polymorph (4)
 Z - a wand of quicksilver (5)
Scrolls
 d - a scroll of silence
 h - 4 scrolls of teleportation
 i - a scroll of identify
 s - 4 scrolls of poison
 C - 2 scrolls of vulnerability
 M - a scroll of magic mapping
 T - a scroll of fog
 X - a scroll of blinking
Potions
 g - 3 potions of attraction
 k - 3 potions of lignification
 l - 4 potions of magic
 m - a potion of haste
 o - a potion of berserk rage
 u - 4 potions of curing
 A - a potion of ambrosia
 L - 2 potions of might
 P - a potion of brilliance


   Skills:
 + Level 7.8 Fighting
 - Level 6.0 Polearms
 - Level 5.0 Armour
 - Level 5.0 Dodging
 - Level 5.0 Stealth
 - Level 5.0 Shields
 - Level 5.0 Spellcasting
 - Level 5.0 Conjurations
 - Level 7.0 Summonings
 - Level 7.0 Air Magic
 - Level 5.0 Poison Magic
 - Level 7.0 Invocations
 + Level 3.2 Evocations


You had 9 spell levels left.
You knew the following spells:

 Your Spells              Type           Power      Damage    Failure   Level
b - Call Imp              Summ           39%        N/A       1%          2
c - Call Canine Familiar  Summ           39%        N/A       1%          3
l - Summon Lightning Spi  Summ/Air       39%        N/A       6%          4
m - Mephitic Cloud        Conj/Pois/Air  33%        N/A       3%          3

Your spell library contained the following spells:

 Spells                   Type           Power      Damage    Failure   Level
 Magic Dart               Conj           100%       1d8       1%          1
 Summon Small Mammal      Summ           100%       N/A       1%          1
 Summon Guardian Golem    Hex/Summ       22%        N/A       8%          3
 Apportation              Tloc           12%        N/A       11%         1
 Necrotise                Necr           24%        1d5       11%         1
 Lesser Beckoning         Tloc           12%        N/A       16%         2
 Gell's Gravitas          Tloc           6%         N/A       32%         3
 Teleport Other           Tloc           6%         N/A       32%         3
 Alistair's Intoxication  Tmut/Pois      12%        N/A       71%         5
 Borgnjor's Vile Clutch   Necr/Erth      3%         N/A       96%         5
 Eringya's Noxious Bog    Tmut/Pois      9%         N/A       99%         6


Dungeon Overview and Level Annotations

Branches:
Dungeon (12/15)            Temple (1/1) D:6            Lair (1/5) D:11
    Orc (0/2) D:12

Altars:
Ashenzari
Cheibriados
Dithmenos
Fedhas
Gozag
Hepliaklqana
Kikubaaqudgha
Makhleb
Nemelex Xobeh
Okawaru
Qazlal
Ru
Sif Muna
Trog
Uskayaw
Vehumet
Wu Jian
Xom
Yredelemnul

Shops:
D:1 :   D:7 *   D:11 [   D:12 (

Annotations:
D:8 1 transporter
D:10 exclusion: 2 downstairs
Lair:1 1 runed translucent door, Puikhleno's ghost, journeyman MeWr


Innate Abilities, Weirdness & Mutations

Your life essence is reduced to manifest your ancestor. (-10% HP)
You regenerate a little health from kills.
You are mostly covered in sharp spines.
When seriously injured, your blood forms thick armour. (AC +9)
Your touch may inflict irresistible damage on your foes.


Message History

* * * LOW HITPOINT WARNING * * *
The centaur warrior is struck by your spines.
The centaur warrior hits you but does no damage.
The centaur warrior misses you.
The centaur warrior shoots an arrow.
The arrow barely misses you. The arrow hits your crimson imp!
You feel much better.
Your wolf bites the centaur warrior.
The centaur warrior hits your wolf! The centaur warrior kicks your wolf.
The centaur warrior shoots an arrow.
The arrow barely misses you. The arrow hits your crimson imp!!
Your crimson imp dies!
Your crimson imp disappears in a puff of smoke!
Your wolf bites the centaur warrior.
The centaur warrior misses you.
The centaur warrior kicks you but does no damage.
Your wolf closely misses the centaur warrior.
The centaur warrior wields a +0 shortbow.
The centaur warrior shoots an arrow.
The arrow hits you!
The centaur warrior shoots an arrow.
The arrow closely misses you.
Your wolf bites the centaur warrior!
You are too injured to fight recklessly!
Unknown command.
You are too injured to fight recklessly!
Unknown command.
You are too injured to fight recklessly!
Reach: a) +3 trident (vamp)
Press: ? - help, Dir - move target, f - centaur warrior, p - centaur warrior
Aim: a centaur warrior, wielding a +0 shortbow (severely wounded, not watching you, ally target, about 28% to evade your +3 vampiric trident)
You reach to attack!
You strike the helpless centaur warrior from behind!
You puncture the centaur warrior!
You feel better.
The centaur warrior is severely wounded.
The centaur warrior shoots an arrow.
The arrow hits you!
* * * LOW HITPOINT WARNING * * *
Your wolf bites the centaur warrior!
You puncture the centaur warrior!
You feel better.
You kill the centaur warrior!
The centaur warrior shoots an arrow.
The arrow hits you!
* * * LOW HITPOINT WARNING * * *
The centaur warrior shoots an arrow.
The arrow misses your wolf. The arrow hits you!
You die...

............
#...........
..c#.......
..........
....... ..c.
##########h#
#.......@).#
#......§...#
+......§.§.#
#..........#
#######....#
#....#
......
........


You could see a centaur warrior (ally target) and a friendly wolf (summoned).

Vanquished Creatures
  Fannar (D:10)
  A centaur warrior (D:13)
  A two-headed ogre (D:9)
  3 skeletal warriors
  An ugly thing (D:12)
  4 cane toads (Lair:1)
  A komodo dragon (D:11)
  Maggie (D:8)
  A hornet (D:7)
  2 blink frogs (Lair:1)
  Sigmund (D:6)
  4 wraiths
  A shadow (D:12)
  12 yaks
  2 wyverns
  A basilisk (Lair:1)
  3 vampire mosquitoes (D:12)
  A warg (D:12)
  4 water moccasins
  3 ice beasts
  A sky beast (D:7)
  2 orc warriors
  2 black bears
  A centaur (D:5)
  8 bullfrogs
  A kobold brigand (D:9)
  A gnoll sergeant (D:6)
  4 scorpions
  A wight (D:7)
  4 howler monkeys
  A lava snake (D:7)
  3 hounds
  A gnoll bouda (D:5)
  7 orc priests
  10 orc wizards
  A sleepcap (D:4)
  An iguana (D:5)
  8 gnolls
  9 adders
  A dart slug (D:1)
  47 orcs
  4 ball pythons
  4 endoplasms
  2 giant cockroaches
  5 goblins
  7 hobgoblins
  3 jackals (D:3)
  2 quokkas (D:5)
  6 bats
  3 frilled lizards
  12 kobolds
  2 rats
212 creatures vanquished.

Vanquished Creatures (collateral kills)
  2 two-headed ogres
  A skeletal warrior (D:10)
  A cyclops (D:11)
  Maurice (D:8)
  A kobold demonologist (D:11)
  A blink frog (Lair:1)
  A shadow (D:10)
  2 wraiths
  A basilisk (Lair:1)
  10 yaks
  A steam dragon (D:8)
  Menkaure (D:7)
  A water moccasin (D:11)
  A black bear (D:10)
  2 orc warriors
  3 ogres
  A kobold brigand (D:7)
  2 scorpions
  3 bullfrogs
  A gnoll sergeant (D:5)
  3 wights (D:7)
  A killer bee (D:11)
  2 howler monkeys
  A lava snake (D:7)
  A hound (D:6)
  2 jellies (D:4)
  5 orc priests
  8 orc wizards
  3 adders
  3 gnolls (D:5)
  3 worms
  2 dart slugs
  21 orcs
  3 ball pythons
  6 endoplasms
  2 giant cockroaches (D:3)
  2 goblins
  5 hobgoblins
  A jackal (D:3)
  9 kobolds
  2 rats (D:1)
122 creatures vanquished.

Vanquished Creatures (others)
  5 knights
  An orc wizard (D:7)
  2 ancestors
  3 bushes (D:10)
  28 fungi (D:11)
  27 plants
66 creatures vanquished.

Grand Total: 400 creatures vanquished

Notes
Turn   | Place    | Note
-------+----------+-------------------------------------------
     0 | D:1      | porpoise the Demonspawn Summoner began the quest for the
                  | Orb.
     0 | D:1      | Reached XP level 1. HP: 13/13 MP: 3/3
   211 | D:1      | Gained mutation: When seriously injured, your blood forms
                  | armour. (AC +9) [demonic ancestry]
   211 | D:1      | Reached XP level 2. HP: 15/19 MP: 3/5
   251 | D:1      | Found a faded altar of an unknown god.
   477 | D:1      | Learned a level 2 spell: Call Imp
   555 | D:1      | Found Fihayrel's Book Boutique.
   825 | D:1      | Gained mutation: You are partially covered in sharp spines.
                  | [demonic ancestry]
   825 | D:1      | Reached XP level 3. HP: 19/24 MP: 6/6
   829 | D:1      | Learned a level 3 spell: Call Canine Familiar
  1429 | D:2      | Reached XP level 4. HP: 30/30 MP: 8/8
  2162 | D:3      | Reached skill level 5 in Summonings
  2430 | D:3      | Found an opulent altar of Gozag.
  2498 | D:3      | Gained mutation: You are mostly covered in sharp spines.
                  | [demonic ancestry]
  2498 | D:3      | Reached XP level 5. HP: 29/35 MP: 3/10
  2560 | D:3      | Found a shimmering altar of Xom.
  2729 | D:3      | Found a blossoming altar of Fedhas.
  2759 | D:3      | Found a snail-covered altar of Cheibriados.
  3379 | D:4      | Reached XP level 6. HP: 34/41 MP: 10/12
  4196 | D:4      | Gained mutation: When seriously injured, your blood forms
                  | thick armour. (AC +9) [demonic ancestry]
  4196 | D:4      | Reached XP level 7. HP: 46/46 MP: 7/14
  4604 | D:5      | Entered Level 5 of the Dungeon
  4769 | D:5      | Reached skill level 5 in Spellcasting
  4949 | D:5      | Reached skill level 1 in Fighting
  5248 | D:5      | Reached skill level 1 in Shields
  5248 | D:5      | Gained mutation: Your touch may inflict minor irresistible
                  | damage on your foes. [demonic ancestry]
  5248 | D:5      | Reached XP level 8. HP: 37/56 MP: 2/15
  5488 | D:5      | Reached skill level 5 in Stealth
  5716 | D:5      | Learned a level 4 spell: Summon Lightning Spire
  5720 | D:5      | Learned a level 3 spell: Mephitic Cloud
  6206 | D:6      | Noticed Sigmund
  6579 | D:6      | Killed Sigmund
  6996 | D:6      | Reached XP level 9. HP: 66/66 MP: 14/16
  7119 | D:6      | Found a staircase to the Ecumenical Temple.
  7128 | Temple   | Entered the Ecumenical Temple
  7231 | Temple   | Became a worshipper of Hepliaklqana the Forgotten
  7318 | D:6      | Found a stormy altar of Qazlal.
  7451 | D:7      | Found Laochaent's Assorted Antiques.
  7460 | D:7      | Reached skill level 1 in Invocations
  7655 | D:7      | Bought a coppery potion for 32 gold pieces
  7655 | D:7      | Bought a scroll labelled XIULIMPITU for 36 gold pieces
  7655 | D:7      | Bought a scroll labelled TOHUNIB LOEG for 36 gold pieces
  7876 | D:7      | Found a sparkling altar of Nemelex Xobeh.
  7933 | D:7      | Reached skill level 5 in Fighting
  8309 | D:7      | Reached skill level 5 in Shields
  8309 | D:7      | Reached skill level 5 in Invocations
  8378 | D:7      | Noticed Menkaure
  8385 | D:7      | Killed Menkaure
  9083 | D:8      | Reached * piety under Hepliaklqana
  9087 | D:8      | Found a transporter.
  9367 | D:8      | Noticed Maggie
  9367 | D:8      | Noticed Maurice
  9378 | D:8      | Gained mutation: Your touch may inflict irresistible damage
                  | on your foes. [demonic ancestry]
  9378 | D:8      | Reached XP level 10. HP: 34/69 MP: 10/17
  9383 | D:8      | Killed Maggie
  9384 | D:8      | Reached skill level 1 in Conjurations
  9384 | D:8      | Reached skill level 1 in Poison Magic
  9411 | D:8      | Killed Maurice
  9956 | D:9      | Noticed a two-headed ogre
  9971 | D:9      | Killed a two-headed ogre
  9972 | D:9      | Reached skill level 1 in Air Magic
 10101 | D:9      | Noticed a two-headed ogre
 10114 | D:9      | Killed a two-headed ogre
 10407 | D:9      | Reached ** piety under Hepliaklqana
 10418 | D:9      | Reached skill level 5 in Dodging
 10897 | D:10     | Entered Level 10 of the Dungeon
 10898 | D:10     | Remembered your ancestor Nikki as a knight
 10972 | D:10     | Noticed Fannar
 11003 | D:10     | Found a broken altar of Ashenzari.
 11027 | D:10     | Reached skill level 1 in Polearms
 11100 | D:10     | Killed Fannar
 11101 | D:10     | Reached skill level 5 in Conjurations
 11267 | D:10     | Gained mutation: You regenerate a little health from kills.
                  | [demonic ancestry]
 11267 | D:10     | Reached XP level 11. HP: 75/75 MP: 18/18
 11477 | D:10     | Found a bloodstained altar of Trog.
 11518 | D:10     | Found a radiant altar of Vehumet.
 11795 | D:10     | Reached skill level 1 in Armour
 12246 | D:10     | Reached skill level 5 in Air Magic
 12307 | D:11     | Noticed a skeletal warrior
 12307 | D:11     | Noticed a skeletal warrior
 12307 | D:11     | Noticed a skeletal warrior
 12307 | D:11     | Noticed a skeletal warrior
 12321 | D:10     | Killed a skeletal warrior
 12965 | D:10     | Killed a skeletal warrior
 13169 | D:10     | Killed a skeletal warrior
 13417 | D:11     | Killed a skeletal warrior
 13418 | D:11     | Reached skill level 5 in Polearms
 13438 | D:11     | Found a staircase to the Lair.
 13446 | D:11     | Reached skill level 5 in Poison Magic
 13612 | D:7      | Bought an onyx ring for 180 gold pieces
 13804 | D:11     | Found Syol's Armour Shop.
 13837 | D:11     | Noticed a two-headed ogre
 13847 | D:11     | Killed a two-headed ogre
 14341 | Lair:1   | Entered Level 1 of the Lair of Beasts
 14375 | Lair:1   | Reached *** piety under Hepliaklqana
 14576 | Lair:1   | Reached skill level 5 in Armour
 14578 | Lair:1   | Reached XP level 12. HP: 29/81 MP: 8/19
 14729 | Lair:1   | Noticed Puikhleno's ghost (journeyman MeWr)
 14742 | Lair:1   | Found a runed translucent door.
 14901 | Lair:1   | Identified the +9 flail "Rist" {flame, Fragile rF+ Int+3}
 14976 | Lair:1   | Reached skill level 1 in Evocations
 15870 | D:12     | Found a staircase to the Orcish Mines.
 16029 | D:12     | Found Jin Vuoj's Antique Weapon Emporium.
 16063 | D:12     | You fall into a shaft and drop 1 floor!
 16067 | D:13     | Noticed a centaur warrior
 16067 | D:13     | Noticed a centaur warrior
 16083 | D:13     | Killed a centaur warrior
 16083 | D:13     | HP: 2/82 [centaur warrior/arrow (15)]
 16083 | D:13     | Shot with an arrow by a centaur warrior

Illustrated notes

Levels and vault maps discovered:
D:1:      minmay_arrival_semitransparent, layout_basic, serial_shops,
          shop_statue, hellmonk_ecumenical_altar_pennies_from_heaven
D:2:      layout_loops_cross
D:3:      layout_loops_ring, marbit_many_paths,
          nicolae_gozag_cash_rules_everything_around_me, old_standard_altar,
          old_standard_altar, grunt_decor_mini_mirrors
D:4:      layout_basic, minmay_box_of_dots
D:5:      layout_loops_ring
D:6:      layout_rooms, gammafunk_temple_overflow_pools,
          lemuel_temple_firewalk_b, uniq_sigmund
D:7:      layout_basic, kennysheep_mini_moat, serial_shops, kennysheep_mini,
          kennysheep_donut, uniq_menkaure
D:8:      layout_cave_pools, nrook_loot_triangle, nicolae_diode_basic,
          uniq_maggie, uniq_maurice
D:9:      layout_roguey
D:10:     layout_basic, mainiacjoe_overflow_chevrons,
          mainiacjoe_overflow_catch_the_wave, uniq_fannar
D:11:     layout_basic, due_lair_maze_entry_diamond, serial_shops,
          nicolae_shop_statue_plus
D:12:     layout_loops_cross, erik_orc_3, serial_shops, nicolae_shop_trees
D:13:     layout_stronghold, hangedman_vaults_entry_quadrant_bands,
          amethyst_killhole
Temple:   nicolae_temple_godzebo
Lair:1:   layout_layer_cave, hellmonk_ghost_happy_afterlife

Skill      XL: |  1  2  3  4  5  6  7  8  9 10 11 12 |
---------------+-------------------------------------+-----
Stealth        | 2 3 4 5 |  5.0
Spellcasting   | 3 4 5 |  5.0
Summonings     | 5 6 7 |  7.0
Fighting       | 1 4 6 7 |  7.8
Shields        | 1 3 5 |  5.0
Dodging        | 3 5 |  5.0
Invocations    | 7 |  7.0
Conjurations   | 5 |  5.0
Poison Magic   | 2 5 |  5.0
Air Magic      | 4 5 7 |  7.0
Polearms       | 2 6 |  6.0
Armour         | 5 |  5.0
Evocations     | 3 |  3.2

Action                     |  1- 3 |  4- 6 |  7- 9 | 10-12 || total
---------------------------+-------+-------+-------+-------++-------
  Melee: Dagger            |    74 |   107 |   121 |    11 ||   313
         Unarmed           |     2 |       |       |       ||     2
         Trident           |       |       |   150 |   399 ||   549
         Spear             |       |       |     8 |       ||     8
         Touch             |       |       |       |     5 ||     5
         Punch             |       |       |       |     1 ||     1
   Fire: Sling             |    10 |    24 |       |    19 ||    53
  Throw: Dart              |       |       |       |     4 ||     4
         Javelin           |       |       |       |     2 ||     2
   Cast: Summon Small Mamm |    26 |    10 |     5 |       ||    41
         Call Imp          |     4 |     8 |    28 |    16 ||    56
         Call Canine Famil |       |    14 |    40 |    16 ||    70
         Mephitic Cloud    |       |       |       |     2 ||     2
         Summon Lightning  |       |       |       |     1 ||     1
 Invoke: Ancestor Identity |       |       |     1 |       ||     1
         Ancestor Life: Kn |       |       |       |     1 ||     1
         Recall Ancestor   |       |       |       |     3 ||     3
         Transference      |       |       |       |     2 ||     2
  Evoke: Wand              |       |       |       |     2 ||     2
    Use: Scroll            |       |     9 |    10 |    12 ||    31
         Potion            |       |       |     3 |     7 ||    10
   Stab: Sleeping          |     1 |     2 |    10 |     4 ||    17
         Distracted        |       |     2 |     9 |     8 ||    19
         Confused          |       |       |       |     1 ||     1
 Armour: Robe              |    19 |    23 |    13 |       ||    55
         Leather armour    |       |       |    53 |    93 ||   146
  Dodge: Dodged            |    43 |    32 |   122 |   169 ||   366
  Block: Buckler           |       |     8 |    53 |    66 ||   127

Table legend: (Time is in decaauts)
 A = Elapsed time spent in this place.
 B = Non-inter-level travel time spent in this place.
 C = Inter-level travel time spent in this place.
 D = Time resting spent in this place.
 E = Time spent auto-exploring this place.
 F = Levels seen in this place.
 G = Mean time per level.
                   A        B        C        D        E       F      G
               +--------+--------+--------+--------+--------+-----+--------+
         Total |  16216 |  15403 |    813 |   4944 |   7139 |  15 | 1081.1 |
       Dungeon |  14657 |  13908 |    749 |   4813 |   6072 |  13 | 1127.5 |
        Temple |    124 |    103 |     21 |      0 |     89 |   1 |  124.0 |
          Lair |   1434 |   1392 |     42 |    131 |    978 |   1 | 1434.0 |
               +--------+--------+--------+--------+--------+-----+--------+

Top non-repeatable levels by time:
    D:10: 2615 daAuts
     D:5: 1846 daAuts
     D:7: 1625 daAuts
  Lair:1: 1434 daAuts
     D:4: 1364 daAuts
     D:1: 1322 daAuts
     D:3: 1198 daAuts
     D:9: 1040 daAuts
     D:6: 960 daAuts
     D:8: 904 daAuts
    D:11: 785 daAuts
     D:2: 690 daAuts
    D:12: 282 daAuts
  Temple: 124 daAuts
    D:13: 19 daAuts
